 Dungeon Crawl Stone Soup version 0.17-a0-2069-g0f4ee5b (console) character file.

135 endege the Sneak (level 5, -1/35 HPs)
             Began as a Halfling Assassin on Oct 13, 2015.
             Slain by an ice beast (14 damage)
             ... on level 3 of the Dungeon.
             The game lasted 00:12:24 (1519 turns).

endege the Sneak (Halfling Assassin)                Turns: 1519, Time: 00:12:25

Health: -1/35      AC:  4    Str: 12    XL:     5   Next: 41%
Magic:  5/5        EV: 15    Int: 10    God:
Gold:   37         SH:  0    Dex: 16    Spells: 0 memorised, 4 levels left

rFire  . . .     SeeInvis .     a - +2 dagger
rCold  . . .     Clarity  .     n - +0 leather armour
rNeg   . . .     SustAt   .     (shield restricted)
rPois  .         Gourm    .     (no helmet)
rElec  .         Spirit   .     d - +0 cloak
rCorr  .         Warding  .     (no gloves)
rMut   .         Stasis   .     (no boots)
MR     .....                    (no amulet)
Stlth  +++.......               (no ring)
                                (no ring)

@: not resistant to hostile enchantments, fairly stealthy
A: mutation resistance 1
a: no special abilities


You were on level 3 of the Dungeon.
You were not hungry.

You visited 1 branch of the dungeon, and saw 3 of its levels.

You collected 37 gold pieces.

Inventory:

Hand Weapons
 a - a +2 dagger (weapon)
 b - a +0 blowgun
 i - a +0 dagger
 j - a +0 hunting sling
 k - a +0 whip
 l - a +0 dagger
 m - a +0 short sword
 o - a +0 dagger
 s - a +3 short sword of speed
 t - a +0 short sword
Missiles
 e - 8 poisoned needles
 f - 2 curare-tipped needles
Armour
 c - a +0 robe
 d - a +0 cloak (worn)
 n - a +0 leather armour (worn)
Scrolls
 h - a scroll of identify
 u - a scroll of noise {unknown}
Potions
 p - a potion of heal wounds {unknown}
 q - a potion of degeneration {unknown}
Comestibles
 g - a bread ration


   Skills:
 + Level 2.4 Fighting
 + Level 3.3 Short Blades
 + Level 2.2 Throwing
 + Level 2.9 Dodging
 + Level 5.9 Stealth


You had 4 spell levels left.
You didn't know any spells.

Dungeon Overview and Level Annotations

Branches:
Dungeon (3/15)

Altars:
Qazlal


Innate Abilities, Weirdness & Mutations

You are small and have problems with some larger weapons.
You are somewhat resistant to further mutation.


Message History

The ice beast is lightly wounded.
The ice beast closely misses you.
You hit the ice beast but do no damage.
The ice beast is lightly wounded.
The ice beast barely misses you.
You hit the ice beast but do no damage.
The ice beast is lightly wounded.
You closely miss the ice beast.
The ice beast is lightly wounded.
The ice beast barely misses you.
You barely miss the ice beast.
The ice beast is lightly wounded.
The ice beast barely misses you.
You hit the ice beast but do no damage.
The ice beast is lightly wounded.
The ice beast misses you.
You hit the ice beast.
The ice beast is moderately wounded.
The ice beast hits you. The ice beast freezes you!
You die...

.####.# ...# ##.##...#
.#.# #..##.### ##.#.#
#.##..# # ######..#.#
####....##
#......##.#####.[..####
#...#..##.......#..#
#..#_#.#..>.#####[##
.#...#....@#.#####.#
...........Y†......#
.####......#.###....
###......#.#######
#.................
....#............###
#..........###.#..#
##.........# ......
.....>.....# ###...


You could see an ice beast.

Vanquished Creatures
  A wasp (D:3)
  3 orcs (D:3)
  3 bats (D:1)
  4 giant cockroaches
  4 goblins
  10 hobgoblins
  4 giant newts
  4 kobolds
  7 rats
40 creatures vanquished.

Notes
Turn   | Place    | Note
--------------------------------------------------------------
     0 | D:1      | endege the Halfling Assassin began the quest for the Orb.
     0 | D:1      | Reached XP level 1. HP: 14/14 MP: 1/1
   140 | D:1      | Reached XP level 2. HP: 19/19 MP: 2/2
   191 | D:1      | Reached skill level 5 in Stealth
   452 | D:1      | Reached XP level 3. HP: 22/24 MP: 3/3
  1075 | D:2      | Found a stormy altar of Qazlal.
  1110 | D:2      | You fall through a shaft!
  1110 | D:3      | Noticed a wasp
  1114 | D:3      | Killed a wasp
  1114 | D:3      | Reached XP level 4. HP: 28/30 MP: 4/4
  1114 | D:3      | Reached XP level 5. HP: 32/35 MP: 5/5
  1181 | D:3      | Noticed a black bear
  1484 | D:3      | Found a faded altar to an unknown god.
  1498 | D:3      | Noticed an ice beast
  1519 | D:3      | Slain by an ice beast

Vault maps used:
D:1:      lightli_arrival_windingriver
D:2:      makhleb_altar_promises_db, fiery_altar_vehumet,
          nicolae_qazlal_general_emergency, first_bread,
          nicolae_gozag_seed_capital
D:3:      lemuel_doored_altar, ecumenical_altar_1

Action                   |  1- 3 |  4- 6 || total
-------------------------+-------+-------++-------
Melee: Dagger            |   107 |    56 ||   163
  Use: Scroll            |     4 |       ||     4
       Potion            |     1 |       ||     1
 Stab: Sleeping          |     9 |     1 ||    10
  Eat: Chunk             |     1 |     1 ||     2
